 Seeded DCSS version 0.31-a0-833-gc15d34cb79 (webtiles) character file.

Game seed: 11876287305940443354 (custom seed)

1339 Iich the Trooper (level 8, 73/73 HPs)
             Began as a Hill Orc Fighter on Sept 26, 2023.
             Was an Initiate of Gozag.
             Got out of the dungeon alive.
             The game lasted 00:07:34 (5989 turns).

Iich the Trooper (Hill Orc Fighter)                 Turns: 5989, Time: 00:07:34

Health: 73/73      AC: 14    Str: 21    XL:     8   Next: 61%
Magic:  8/8        EV:  9    Int:  8    God:    Gozag
Gold:   330        SH:  5    Dex: 10    Spells: 7/7 levels left

rFire   . . .        a - +0 war axe
rCold   . . .        c - +0 buckler
rNeg    . . .        e - +0 chain mail
rPois   .            u - +0 helmet
rElec   .            p - +2 cloak
rCorr   +            (no gloves)
SInv    .            v - +0 pair of boots
Will    .....        (no amulet) Stlth
                     C - ring of resist corrosion
HPRegen 0.32/turn    (no ring)
MPRegen 0.11/turn

%: no passive effects
@: no status effects
A: no striking features
a: Renounce Religion, Potion Petition, Call Merchant, Bribe Branch


You escaped.
You worshipped Gozag.
Gozag was aware of your devotion.
You visited 2 branches of the dungeon, and saw 7 of its levels.

You collected 405 gold pieces.
You paid 75 gold pieces to Gozag.

Inventory:

Hand Weapons
 a - a +0 war axe (weapon)
Missiles
 w - a throwing net
Armour
 c - a +0 buckler (worn)
 e - a +0 chain mail (worn)
 p - a +2 cloak (worn)
 u - a +0 helmet (worn)
 v - a +0 pair of boots (worn)
Jewellery
 C - a ring of resist corrosion (left hand)
Talismans
 k - a blade talisman
Wands
 r - a wand of iceblast (9)
 t - a wand of paralysis (4)
Scrolls
 b - a scroll of revelation
 f - 2 scrolls of vulnerability
 g - 2 scrolls of fear
 j - 2 scrolls of immolation
 l - 3 scrolls of fog
 o - a scroll of poison
Potions
 d - 2 potions of might
 h - a potion of enlightenment
 i - a potion of ambrosia {unknown}
 m - a potion of brilliance {unknown}
 n - a potion of berserk rage {unknown}
 q - 4 potions of curing
 s - a potion of mutation {unknown}


   Skills:
 + Level 7.1 Fighting
 + Level 7.1 Axes
 - Level 3.2 Armour
 + Level 4.0 Dodging
 + Level 6.5 Shields


You had 7 spell levels left.
You didn't know any spells.
Your spell library contained the following spells:

 Spells                   Type           Power      Damage    Failure   Level
 Ensorcelled Hibernation  Hex/Ice        0%         N/A       99%         2
 Jinxbite                 Hex            0%         N/A       99%         2
 Summon Guardian Golem    Hex/Summ       0%         N/A       100%        3
 Anguish                  Hex/Necr       0%         N/A       100%        4
 Orb of Destruction       Conj           0%         9d5       100%        7
 Spellforged Servitor     Conj/Summ      0%         N/A       100%        7


Dungeon Overview and Level Annotations

Branches:
Dungeon (6/15)             Temple (1/1) D:5

Altars:
Ashenzari
Cheibriados
Elyvilon
Gozag
Hepliaklqana
Kikubaaqudgha
Makhleb
Nemelex Xobeh
Okawaru
Ru
Vehumet
Xom
Yredelemnul
Zin
The Shining One

Shops:
D:2 (   D:3 :

Annotations:
D:6 2 runed translucent doors, Kurtz's ghost, novice OpFi


Message History

w - a throwing net
Found 2 stones.
There is a stone staircase leading up here.
Kurtz's ghost turns its malevolent gaze towards you.
There is an escape hatch in the floor here.
Kurtz's ghost turns its malevolent gaze towards you.
Could not explore, unopened runed door.
Unknown command.
What level of the Dungeon? (default 6, ? - help)
There is a stone staircase leading up here.
You climb upwards.
There is a stone staircase leading down here.
There is a stone staircase leading up here.
You climb upwards.
There is a stone staircase leading down here.
Search for what [? for help]? axe Unknown command.
Unknown command.
Unknown command.
Unknown command.
What level of the Dungeon? (default 4, ? - help)
There is an open door here.
There is a stone staircase leading down here.
You open the door.
There is an open door here.
There is a stone staircase leading up here.
You climb upwards.
There is a stone staircase leading down here.
You see here a +0 club.
You see here a +0 robe.
There is a stone staircase leading up here.
You climb upwards.
There is a stone staircase leading down here.
There is a stone staircase leading up here.
You climb upwards.
There is a stone staircase leading down here.
You open the door.
There is an open door here.
There is a staircase leading out of the dungeon here.
You have escaped!

#.....#
#..............#.#
#.....#
#.##############.#
###.....###.# #.#
..÷.....##..#######
#.#
÷.......##........#
#.#
........##.##+#'###
#.#
##......##.#.....#
#.#
........##.+.....#
#.#
...(....##.#..8.@#
#.#
........#..+.....#
#.#
........#.##.....#
#.#
..........###'#+###
#.#
.......#..#.......#
#.#
..######...########
#.# ..#
#.#.#############
#.# ..#
#.#.#...........#
#.# ..#
#.#...#########.#
#.#


There were no monsters in sight!

Vanquished Creatures
  Grinder (D:3)
  A water moccasin (D:6)
  A black bear (D:6)
  A centaur (D:4)
  An ogre (D:6)
  Blork the orc (D:6)
  2 scorpions (D:5)
  A howler monkey (D:5)
  2 jellies
  An orc priest (D:4)
  2 hounds (D:5)
  2 sleepcaps
  Jessica (D:3)
  3 iguanas
  An orc wizard (D:6)
  11 adders
  A white imp (D:6)
  An ufetubus (D:5)
  A dart slug (D:2)
  26 orcs
  6 bats
  7 endoplasms
  A giant cockroach (D:2)
  5 goblins
  5 hobgoblins
  A quokka (D:5)
  5 ball pythons
  2 frilled lizards
  5 kobolds
  6 rats
104 creatures vanquished.

Notes
Turn   | Place    | Note
-------+----------+-------------------------------------------
     0 | D:1      | Iich the Hill Orc Fighter began the quest for the Orb.
     0 | D:1      | Reached XP level 1. HP: 19/19 MP: 1/1
   152 | D:1      | Reached XP level 2. HP: 24/27 MP: 2/2
   597 | D:2      | Found Vykuetuf's Antique Weapon Boutique.
   602 | D:2      | Reached XP level 3. HP: 33/33 MP: 3/3
   895 | D:2      | Reached skill level 1 in Dodging
   926 | D:2      | Found a radiant altar of Vehumet.
  1118 | D:3      | Noticed Jessica
  1121 | D:3      | Killed Jessica
  1122 | D:3      | Reached XP level 4. HP: 40/40 MP: 4/4
  1222 | D:3      | You fall into a shaft and drop 1 floor!
  1288 | D:4      | Reached XP level 5. HP: 37/47 MP: 5/5
  1302 | D:4      | Identified the +0 pair of boots "Zenudeobb" {rF++ Str-3
                  | Slay-6 Stlth+}
  2044 | D:3      | Found a basalt altar of Yredelemnul.
  2066 | D:3      | Found Yxkenueffu's Vocational Training.
  2069 | D:3      | Noticed Grinder
  2090 | D:3      | Paralysed by Grinder for 5 turns
  2243 | D:3      | Paralysed by Grinder for 2 turns
  2401 | D:3      | Paralysed by Grinder for 5 turns
  2415 | D:3      | Paralysed by Grinder for 3 turns
  2433 | D:3      | Killed Grinder
  2434 | D:3      | Reached skill level 5 in Fighting
  2434 | D:3      | Reached skill level 5 in Axes
  2434 | D:3      | Reached XP level 6. HP: 42/56 MP: 6/6
  2874 | D:4      | Reached skill level 5 in Shields
  3234 | D:4      | Reached XP level 7. HP: 28/61 MP: 7/7
  3375 | D:5      | Entered Level 5 of the Dungeon
  4104 | D:5      | Found a staircase to the Ecumenical Temple.
  4165 | Temple   | Entered the Ecumenical Temple
  4173 | Temple   | Became a worshipper of Gozag Ym Sagoz the Greedy
  4449 | D:5      | Reached XP level 8. HP: 71/71 MP: 8/8
  5243 | D:6      | Noticed Blork the orc
  5251 | D:6      | Killed Blork the orc
  5708 | D:6      | Found a large runed translucent door.
  5708 | D:6      | Found a large runed translucent door.
  5712 | D:6      | Noticed Kurtz's ghost (novice OpFi)
  5989 | D:$      | Got out of the dungeon alive.

Illustrated notes

Levels and vault maps discovered:
D:1:      minmay_arrival_solitary_statue, layout_basic
D:2:      layout_loops_ring, basic_altar, serial_shops, nicolae_shop_scrapyard,
          serial_park_tiny_pond
D:3:      layout_loops_ring, mainiacjoe_overflow_surrounded_room,
          nicolae_shop_vocational, uniq_jessica, uniq_grinder
D:4:      layout_basic
D:5:      layout_loops_ring, minmay_temple_entry_poolview,
          minmay_fractal_squares_diagonal_5
D:6:      layout_basic, ebering_ghost_disaster_area, uniq_blork_the_orc
Temple:   eino_narrow_crystal_temple

Skill      XL: |  1  2  3  4  5  6  7  8 |
---------------+-------------------------+-----
Axes           | 3 4 5 6 7 |  7.1
Fighting       | 4 5 6 7 |  7.1
Dodging        | 1 2 3 4 |  4.0
Shields        | 4 5 6 |  6.5
Armour         | |  3.2

Action                     |  1- 3 |  4- 6 |  7- 9 || total
---------------------------+-------+-------+-------++-------
  Melee: War axe           |    62 |   162 |   133 ||   357
    Use: Scroll            |     4 |     1 |     3 ||     8
         Potion            |     1 |       |     1 ||     2
 Armour: Scale mail        |    26 |       |       ||    26
         Chain mail        |    15 |   155 |   101 ||   271
  Dodge: Dodged            |    22 |    86 |    48 ||   156
  Block: Buckler           |    15 |    40 |    34 ||    89

Table legend: (Time is in decaauts)
 A = Elapsed time spent in this place.
 B = Non-inter-level travel time spent in this place.
 C = Inter-level travel time spent in this place.
 D = Time resting spent in this place.
 E = Time spent auto-exploring this place.
 F = Levels seen in this place.
 G = Mean time per level.
                   A        B        C        D        E       F      G
               +--------+--------+--------+--------+--------+-----+--------+
         Total |   6097 |   5890 |    207 |    942 |   3908 |   7 |  871.0 |
       Dungeon |   6080 |   5873 |    207 |    942 |   3908 |   6 | 1013.3 |
        Temple |     16 |     16 |      0 |      0 |      0 |   1 |   16.0 |
               +--------+--------+--------+--------+--------+-----+--------+

Top non-repeatable levels by time:
     D:6: 1313 daAuts
     D:3: 1285 daAuts
     D:5: 1268 daAuts
     D:2: 882 daAuts
     D:4: 785 daAuts
     D:1: 545 daAuts
  Temple: 16 daAuts
